[Event "Team 45 45 League T34"]
[Site "Internet Chess Club"]
[Date "2007.08.18"]
[Round "5"]
[White "EUPHRATES"]
[Black "netshooter"]
[Result "0-1"]
[WhiteElo "1940"]
[BlackElo "1888"]
[Opening "Ruy Lopez: open, Dilworth variation"]
[ECO "C82"]
[Time "15:00:41"]
[TimeControl "2700+45"]

1. e4 e5 2. Nf3 Nc6 3. Bb5 a6 4. Ba4 Nf6 5. O-O Nxe4 6. d4 b5 7. Bb3 d5 8. dxe5
Be6 9. c3 Bc5 10. Bc2 O-O 11. Nbd2 Nxf2 12. Rxf2 f6 13. exf6 Bxf2+ 14. Kxf2 Qxf6
15. Nb3 Ne5 16. Bg5 Qxg5 17. Nd4 Bg4 18. Bb3 Rad8 19. h3 Qh4+ 20. Kg1 Nxf3+
{White resigns} 0-1

[Event "Team 45 45 League T34"]
[Site "Internet Chess Club"]
[Date "2007.08.19"]
[Round "5"]
[White "rubo"]
[Black "Queen"]
[Result "0-1"]
[WhiteElo "1706"]
[BlackElo "1626"]
[Opening "Bird's opening"]
[ECO "A03"]
[Time "14:16:00"]
[TimeControl "2700+45"]

1. f4 d5 2. b3 g6 3. Bb2 Nf6 4. e3 Bg7 5. Be2 O-O 6. Nf3 Bf5 7. O-O c5 8. Qc1
Nc6 9. Ne5 Qc7 10. d3 Rad8 11. Nd2 Nxe5 12. Bxe5 Qd7 13. Nf3 Ng4 14. Bxg7 Kxg7
15. h3 Nf6 16. Qb2 h6 17. g4 Be6 18. Kh2 Kh7 19. Rg1 Qc7 20. g5 Ne8 21. gxh6 f6
22. Nh4 g5 23. Ng2 d4 24. Qc1 Kxh6 25. e4 Rh8 26. Qf1 Kg7 27. Kg3 Rxh3+ 28. Kf2
g4 29. Ke1 Qa5+ 30. Kd1 Qc3 31. Rb1 f5 32. exf5 Bxf5 33. Rh1 Nd6 34. Rxh3 gxh3
35. Nh4 Rh8 36. Qg1+ Kf7 37. Qg5 h2 38. Bf3 e6 39. Bh5+ Rxh5 40. Qxh5+ Ke7 41.
Nf3 Bg4 42. Qxg4 h1=Q+ 43. Ng1 Nf5 {White resigns} 0-1

[Event "Team 45 45 League T34"]
[Site "Internet Chess Club"]
[Date "2007.08.21"]
[Round "5"]
[White "cascarillo"]
[Black "Boromir"]
[Result "1-0"]
[WhiteElo "2049"]
[BlackElo "1927"]
[Opening "Caro-Kann: Steinitz variation"]
[ECO "B17"]
[Time "14:01:03"]
[TimeControl "2700+45"]

1. e4 c6 2. d4 d5 3. Nc3 dxe4 4. Nxe4 Nd7 5. Ng5 Ngf6 6. Bd3 e6 7. N1f3 Bd6 8.
Qe2 h6 9. Ne4 Nxe4 10. Qxe4 Qc7 11. O-O b6 12. Qg4 Kf8 13. Bd2 Bb7 14. Rfe1 c5
15. dxc5 Nxc5 16. Bc3 f5 17. Qh3 Nxd3 18. cxd3 Bxf3 19. Qxf3 Re8 20. h3 Qd7 21.
Re2 Kf7 22. Qh5+ g6 23. Qh4 Be7 24. Qf4 Bf6 25. Bxf6 Kxf6 26. Rae1 Qd5 27. d4 g5
28. Qd2 Re7 29. Re5 Qd6 30. h4 Rd8 31. Qe3 Rde8 32. b3 Qd7 33. hxg5+ hxg5 34. a3
Qd6 35. Qh3 Kg6 36. g4 Rh7 37. gxf5+ Kg7 38. Qe3 Qc6 39. d5 Qc7 40. fxe6 {Black
resigns} 1-0

[Event "Team 45 45 League T34"]
[Site "Internet Chess Club"]
[Date "2007.08.19"]
[Round "5"]
[White "pokerram"]
[Black "Amauta"]
[Result "0-1"]
[WhiteElo "1697"]
[BlackElo "1996"]
[Opening "Latvian counter-gambit"]
[ECO "C40"]
[Time "17:05:03"]
[TimeControl "2700+45"]

1. e4 e5 2. Nf3 f5 3. d3 Nc6 4. Nc3 Bb4 5. Bd2 d6 6. Be2 Bxc3 7. Bxc3 fxe4 8.
dxe4 Nf6 9. Bd3 Bg4 10. h3 Bh5 11. g4 Bg6 12. Qe2 Qe7 13. Nh4 Bxe4 14. Bxe4 Nxe4
15. Nf5 Nxc3 16. bxc3 Qf7 17. Qb5 Rb8 18. Qa4 g6 19. Ne3 Qf3 20. Rf1 Qxh3 21.
Qc4 Qf3 22. Qe6+ Kd8 23. Rd1 Re8 24. Qc4 Rf8 25. Rd3 e4 26. Rd1 Ne5 27. Qb5 Qf4
28. Kd2 Nxg4 29. Kc1 Nxe3 30. fxe3 Qxe3+ 31. Kb2 Rf3 32. Qc4 Kd7 33. Rh1 h5 34.
Rde1 b5 35. Qb3 Qf4 36. Reg1 Qf6 37. Re1 Qe5 38. Rh4 d5 39. Rd1 c6 40. Rd4 b4
41. Rxb4 Rxc3 42. Rb7+ Ke6 43. Qxc3 Rxb7+ {White resigns} 0-1

[Event "Team 45 45 League T34"]
[Site "Internet Chess Club"]
[Date "2007.08.17"]
[Round "5"]
[White "makito"]
[Black "JeCrainsDegun"]
[Result "0-1"]
[WhiteElo "1713"]
[BlackElo "1673"]
[Opening "Nimzo-Indian: Kmoch variation"]
[ECO "E20"]
[Time "01:57:27"]
[TimeControl "2700+45"]

1. d4 Nf6 2. c4 e6 3. Nc3 Bb4 4. f3 d5 5. e3 O-O 6. Bd3 dxc4 7. Bxc4 c5 8. Ne2
cxd4 9. exd4 Nbd7 10. O-O Nb6 11. Bb3 Bd7 12. a3 Be7 13. Qd3 Bc6 14. Nf4 Nfd5
15. Bc2 g6 16. Nfxd5 Bxd5 17. Nxd5 Nxd5 18. Bh6 Re8 19. Rad1 Qb6 20. Bc1 Bf6 21.
Kh1 Rad8 22. Rfe1 Ne7 23. Re4 Nf5 24. g4 Rxd4 25. Rxd4 Nxd4 26. Be3 Rd8 27. h4
Qxb2 28. Qf1 Qxc2 29. g5 Nc6 30. Rc1 Qd3 31. Qg1 Bd4 32. Re1 Bxe3 33. Rxe3 Qd1
34. Qxd1 Rxd1+ 35. Kg2 Ra1 36. Rb3 Kg7 37. Kf2 Nd4 38. Rxb7 Rxa3 39. f4 Rf3+ 40.
Kg2 Rxf4 41. Kg3 e5 42. Rxa7 Ne6 43. Ra5 f6 44. Ra7+ Kg8 45. Ra8+ Nf8 46. gxf6
Rxf6 47. Re8 Re6 48. Ra8 Kf7 49. Kf3 Nd7 50. Ra7 Re7 51. Ra5 e4+ 52. Ke3 Nf6 53.
Ra1 Ng4+ 54. Kf4 h5 55. Re1 e3 {White resigns} 0-1

[Event "Team 45 45 League T34"]
[Site "Internet Chess Club"]
[Date "2007.08.19"]
[Round "5"]
[White "AlterEgo"]
[Black "walleye"]
[Result "1-0"]
[WhiteElo "1529"]
[BlackElo "1414"]
[Opening "King's Indian: Andersson variation"]
[ECO "E92"]
[Time "11:16:54"]
[TimeControl "2700+45"]

1. d4 Nf6 2. c4 g6 3. Nc3 Bg7 4. e4 d6 5. Nf3 O-O 6. Be2 e5 7. dxe5 dxe5 8. Qxd8
Rxd8 9. Bg5 Re8 10. O-O-O Nc6 11. Nd5 Nxd5 12. cxd5 Ne7 13. Bb5 c6 14. d6 cxb5
15. dxe7 f6 16. Rd8 Kf7 17. Nxe5+ fxe5 18. Rhd1 h6 19. Rxe8 Kxe8 20. Rd8+ Kf7
21. e8=Q# {Black checkmated} 1-0

[Event "Team 45 45 League T34"]
[Site "Internet Chess Club"]
[Date "2007.08.19"]
[Round "5"]
[White "hualpe"]
[Black "ETwoEFour"]
[Result "0-1"]
[WhiteElo "1820"]
[BlackElo "2083"]
[Opening "Latvian counter-gambit"]
[ECO "C40"]
[Time "11:56:10"]
[TimeControl "2700+45"]

1. e4 e5 2. Nf3 f5 3. Nxe5 Qf6 4. d4 d6 5. Nc4 fxe4 6. Nc3 Qg6 7. Bf4 Nf6 8. Qd2
Be7 9. O-O-O O-O 10. f3 Nh5 11. Be3 exf3 12. gxf3 Qf7 13. Bd3 Bf5 14. Bxf5 Qxf5
15. Rhg1 Nc6 16. d5 Ne5 17. Nxe5 dxe5 18. Bg5 Bc5 19. Rg4 Qxf3 20. Rh4 Nf4 21.
Kb1 Be3 22. Qe1 Ng2 23. Rh3 {White resigns} 0-1

[Event "Team 45 45 League T34"]
[Site "Internet Chess Club"]
[Date "2007.08.19"]
[Round "5"]
[White "Ghashgork"]
[Black "Dbronstein06"]
[Result "0-1"]
[WhiteElo "1662"]
[BlackElo "1679"]
[Opening "Pirc defense"]
[ECO "B07"]
[Time "06:15:22"]
[TimeControl "2700+45"]

1. e4 d6 2. d4 Nf6 3. Nc3 g6 4. Be3 Bg7 5. Qd2 Ng4 6. Bg5 h6 7. Bh4 Nc6 8. f3
Nf6 9. Bb5 a6 10. Bc4 Nd7 11. Nge2 Nb6 12. Bb3 Na5 13. O-O-O Nxb3+ 14. cxb3 O-O
15. g4 a5 16. a4 c6 17. d5 cxd5 18. Nxd5 Nxd5 19. Qxd5 Be6 20. Qb5 Bd7 21. Qd5
Qb6 22. Bxe7 Qe3+ 23. Rd2 Rfc8+ 24. Kb1 Qxf3 25. Rc1 Be6 26. Qxd6 Qxe4+ 27. Qd3
Qxg4 28. Rxc8+ Rxc8 29. Ka2 Bf5 30. h3 Qxh3 31. Qxh3 Bxh3 32. Rd8+ Rxd8 33. Bxd8
Be6 34. Bxa5 Be5 35. Ka3 h5 36. b4 h4 37. b5 h3 {White resigns} 0-1

[Event "Team 45 45 League T34"]
[Site "Internet Chess Club"]
[Date "2007.08.21"]
[Round "5"]
[White "joshtournman"]
[Black "arriero55"]
[Result "1/2-1/2"]
[WhiteElo "1605"]
[BlackElo "1571"]
[Opening "Sicilian: Grand Prix attack"]
[ECO "B21"]
[Time "17:38:31"]
[TimeControl "2700+5"]

1. e4 c5 2. f4 d6 3. Nf3 Nf6 4. Nc3 a6 5. Bc4 Nc6 6. O-O e6 7. d3 b5 8. Bb3 Qb6
9. Be3 Ng4 10. Qe1 Nxe3 11. Qxe3 Be7 12. a3 Rb8 13. d4 cxd4 14. Qd3 dxc3+ 15.
Rf2 cxb2 16. Rb1 O-O 17. Rxb2 Rd8 18. c4 b4 19. Bc2 a5 {Game drawn by mutual
agreement} 1/2-1/2

[Event "Team 45 45 League T34"]
[Site "Internet Chess Club"]
[Date "2007.08.19"]
[Round "5"]
[White "AlexeiD"]
[Black "Flying-Tiger"]
[Result "1-0"]
[WhiteElo "2056"]
[BlackElo "1959"]
[Opening "Sicilian: accelerated fianchetto, Maróczy bind"]
[ECO "B36"]
[Time "09:01:35"]
[TimeControl "2700+45"]

1. e4 c5 2. Nf3 g6 3. d4 cxd4 4. Nxd4 Nc6 5. c4 Nf6 6. Nc3 d6 7. Be2 Nxd4 8.
Qxd4 Bg7 9. O-O O-O 10. Qd3 Be6 11. Be3 Nd7 12. Bd4 Nc5 13. Qd2 Bxd4 14. Qxd4
Qb6 15. Nd5 Bxd5 16. cxd5 Nd7 17. Qxb6 Nxb6 18. Rac1 h5 19. Rc7 Rfc8 20. Rfc1
Rxc7 21. Rxc7 Rc8 22. Rxb7 Rc2 23. Bf1 Rxb2 24. Rxa7 Kg7 25. f3 Kf6 26. a4 Ra2
27. a5 Na4 28. a6 Ra1 29. Rc7 Nb6 30. Kf2 e6 31. dxe6 Kxe6 32. a7 d5 33. Rc6+
Ke5 34. Rxb6 Rxa7 35. Rb5 Kd4 36. Rxd5+ Kc3 37. Ke3 Re7 38. Bd3 f5 39. e5 Re6
40. Kf4 Kd2 41. Bxf5+ {Black resigns} 1-0

[Event "Team 45 45 League T34"]
[Site "Internet Chess Club"]
[Date "2007.08.20"]
[Round "5"]
[White "ChicoKid"]
[Black "Klampin"]
[Result "0-1"]
[WhiteElo "1932"]
[BlackElo "2003"]
[Opening "Caro-Kann: classical variation"]
[ECO "B18"]
[Time "14:58:51"]
[TimeControl "2700+45"]

1. e4 c6 2. d4 d5 3. Nc3 dxe4 4. Nxe4 Bf5 5. Ng3 Bg6 6. Bc4 e6 7. N1e2 Nf6 8.
O-O Bd6 9. f4 Qd7 10. Bd3 Bxd3 11. Qxd3 g6 12. f5 gxf5 13. Bg5 Be7 14. Rae1 Rg8
15. Nxf5 Rxg5 16. Nxe7 Qxe7 17. Ng3 Nbd7 18. Nf5 Qf8 19. Qd2 Rg4 20. Qa5 Re4 21.
Qc7 exf5 22. Qxb7 Rb8 23. Qxc6 Rxb2 24. Rxe4+ Nxe4 25. Rxf5 Nd6 26. Re5+ Kd8 27.
Qa8+ Rb8 28. Qxa7 Rb1+ 29. Kf2 Nxe5 30. dxe5 Ne4+ {White resigns} 0-1

[Event "Team 45 45 League T34"]
[Site "Internet Chess Club"]
[Date "2007.08.21"]
[Round "5"]
[White "latayvia"]
[Black "Grenadier"]
[Result "1-0"]
[WhiteElo "1731"]
[BlackElo "1731"]
[Opening "Caro-Kann: Panov-Botvinnik attack"]
[ECO "B13"]
[Time "19:44:25"]
[TimeControl "2700+45"]

1. e4 c6 2. c4 d5 3. exd5 cxd5 4. d4 Nf6 5. Nc3 Nc6 6. Nf3 Bg4 7. Be2 e6 8. c5
Be7 9. Bg5 Rc8 10. Ne5 Nxe5 11. Bxf6 Bxe2 12. Bxe7 Bxd1 13. Bxd8 Rxd8 14. dxe5
Bh5 15. Nb5 O-O 16. Nxa7 Ra8 17. Nb5 Ra5 18. Nd6 Rxc5 19. b4 Rc6 20. b5 Rb6 21.
a4 f6 22. a5 Rxd6 23. exd6 Rd8 24. a6 bxa6 25. bxa6 Be8 26. a7 Bc6 27. Kd2 e5
28. Rhc1 Ba8 29. Rc7 Kf8 30. Rb1 h5 31. Rb8 Ke8 32. Rxg7 {Black resigns} 1-0

[Event "Team 45 45 League T34"]
[Site "Internet Chess Club"]
[Date "2007.08.21"]
[Round "5"]
[White "gracey"]
[Black "fledermaus"]
[Result "1/2-1/2"]
[WhiteElo "2156"]
[BlackElo "2041"]
[Opening "QGD"]
[ECO "D52"]
[Time "14:08:17"]
[TimeControl "2700+45"]

1. d4 d5 2. c4 e6 3. Nc3 Nf6 4. Bg5 Nbd7 5. e3 c6 6. Nf3 Be7 7. Bd3 O-O 8. c5
Re8 9. Qc2 Nf8 10. O-O-O N6d7 11. Bf4 b6 12. Qa4 Bb7 13. Qb4 Qc8 14. Na4 a5 15.
Qc3 b5 16. Nb6 Nxb6 17. cxb6 b4 18. Qc2 c5 19. dxc5 Qxc5 20. Qxc5 Bxc5 21. Kb1
Bxb6 22. Rhg1 Nd7 23. Bb5 Red8 24. Rc1 Nc5 25. Nd4 Rac8 26. Bg5 f6 27. Bh4 Kf7
28. Ka1 e5 29. Nf3 Rc7 30. Nxe5+ Kf8 31. Nf3 {Game drawn by mutual agreement}
1/2-1/2

[Event "Team 45 45 League T34"]
[Site "Internet Chess Club"]
[Date "2007.08.19"]
[Round "5"]
[White "jonesey"]
[Black "Ecalevol"]
[Result "1-0"]
[WhiteElo "2019"]
[BlackElo "1937"]
[Opening "Ruy Lopez: modern Steinitz defense"]
[ECO "C75"]
[Time "09:01:35"]
[TimeControl "2700+45"]

1. e4 e5 2. Nf3 Nc6 3. Bb5 a6 4. Ba4 d6 5. c3 Bd7 6. O-O Nge7 7. d4 Ng6 8. Re1
Be7 9. Nbd2 h6 10. Nf1 Bg5 11. d5 Nce7 12. Nxg5 hxg5 13. Bxg5 f6 14. Be3 b5 15.
Bc2 Nh4 16. a4 Kf8 17. axb5 axb5 18. Rxa8 Qxa8 19. Qa1 Qe8 20. Ng3 Neg6 21. Qc1
Nxg2 22. Kxg2 Bh3+ 23. Kf3 Nh4+ 24. Ke2 Bg4+ 25. Kd3 Nf3 26. Rh1 c6 27. h3 Bc8
28. Ke2 Nh4 29. dxc6 Qxc6 30. Bb3 f5 31. Bd5 Qe8 32. Bg5 f4 33. Bxf4 exf4 34.
Qxf4+ Ke7 35. Ra1 Qg6 36. Ra7+ Kd8 37. Qe3 Qf6 38. Rf7 Qxf7 39. Bxf7 Bxh3 40.
Qg5+ Kc7 41. Qxg7 {Black resigns} 1-0

[Event "Team 45 45 League T34"]
[Site "Internet Chess Club"]
[Date "2007.08.20"]
[Round "5"]
[White "morgado"]
[Black "MiroslavR"]
[Result "1/2-1/2"]
[WhiteElo "1980"]
[BlackElo "2001"]
[Opening "King's Indian: fianchetto, classical variation"]
[ECO "E67"]
[Time "09:06:38"]
[TimeControl "2700+45"]

1. g3 Nf6 2. Bg2 g6 3. Nf3 Bg7 4. d4 O-O 5. O-O d6 6. c4 Nbd7 7. Nc3 e5 8. Bg5
h6 9. Bxf6 Qxf6 10. dxe5 dxe5 11. Nd5 Qd8 12. Qc2 Nc5 13. Rad1 Bf5 14. Qc1 c6
{Game drawn by mutual agreement} 1/2-1/2

[Event "Team 45 45 League T34"]
[Site "Internet Chess Club"]
[Date "2007.08.19"]
[Round "5"]
[White "JimGrange"]
[Black "Loco-Motif"]
[Result "0-1"]
[WhiteElo "1859"]
[BlackElo "1922"]
[Opening "QGD: semi-Slav, Noteboom variation"]
[ECO "D31"]
[Time "14:15:39"]
[TimeControl "2700+45"]

1. d4 d5 2. c4 e6 3. Nc3 c6 4. Nf3 dxc4 5. a4 c5 6. d5 exd5 7. Nxd5 Ne7 8. e4
Nxd5 9. exd5 Bd6 10. Bxc4 O-O 11. O-O Bg4 12. h3 Bh5 13. Qb3 Nd7 14. Bg5 Qc7 15.
Rfe1 f6 16. Bd2 Rfe8 17. Bf4 Nb6 18. Bxd6 Qxd6 19. Nh4 Qf4 20. g4 Nxc4 21. d6
Bf7 22. Rxe8+ Rxe8 23. d7 Rd8 24. Qxb7 Qd6 25. Qxa7 Rxd7 26. Qa8+ Rd8 27. Qa7
Nxb2 28. Nf5 Qe5 29. Rb1 Qe4 30. Rc1 Nd3 31. Qc7 Re8 32. Ra1 Qf3 33. Rf1 Ne1
{White resigns} 0-1

[Event "Team 45 45 League T34"]
[Site "Internet Chess Club"]
[Date "2007.08.19"]
[Round "5"]
[White "logicg8"]
[Black "corsair"]
[Result "0-1"]
[WhiteElo "1755"]
[BlackElo "1756"]
[Opening "two knights defense: Fritz variation"]
[ECO "C57"]
[Time "15:02:12"]
[TimeControl "2700+45"]

1. e4 e5 2. Nf3 Nc6 3. Bc4 Nf6 4. Ng5 d5 5. exd5 Nd4 6. c3 b5 7. cxd4 bxc4 8.
dxe5 Nxd5 9. Nf3 Bd7 10. Nc3 c6 11. Qa4 Nb6 12. Qc2 Bc5 13. Na4 Nxa4 14. Qxa4
Qb6 15. O-O Be6 16. Qc2 Bd5 17. Ng5 h6 18. Nh3 O-O 19. Nf4 Bd4 20. Nxd5 cxd5 21.
d3 Rac8 22. Rb1 Bxe5 23. dxc4 Rxc4 24. Qf5 Qf6 25. Qxf6 Bxf6 26. Re1 Rfc8 27.
Bd2 Rc2 28. Rec1 Bxb2 29. Rxc2 Rxc2 30. Rd1 d4 31. Bb4 Bc3 32. a3 Bxb4 33. axb4
Rb2 34. Kf1 Rxb4 35. Ke2 f6 36. Kf3 Kf7 37. Ke4 Ke6 38. Rd2 a5 39. f4 f5+ 40.
Kd3 Kd5 41. g3 Rb3+ 42. Kc2 a4 {White resigns} 0-1

[Event "Team 45 45 League T34"]
[Site "Internet Chess Club"]
[Date "2007.08.16"]
[Round "5"]
[White "parrot9"]
[Black "Vincenzo76"]
[Result "1-0"]
[WhiteElo "1715"]
[BlackElo "1541"]
[Opening "Sicilian: Najdorf, Byrne (English) attack"]
[ECO "B90"]
[Time "16:13:22"]
[TimeControl "2700+45"]

1. e4 c5 2. Nf3 d6 3. d4 cxd4 4. Nxd4 Nf6 5. Nc3 a6 6. Be3 e6 7. f3 Be7 8. Qd2
O-O 9. O-O-O Nc6 10. g4 Ne5 11. g5 Ne8 12. h4 f6 13. Qg2 b5 14. f4 Nc4 15. Bxc4
bxc4 16. g6 Qc7 17. gxh7+ Kxh7 18. f5 e5 19. Qg6+ Kh8 20. Ne6 Bxe6 21. fxe6 Rb8
22. h5 Qb7 23. h6 Kg8 24. hxg7 Qxb2+ 25. Kd2 {Black resigns} 1-0

[Event "Team 45 45 League T34"]
[Site "Internet Chess Club"]
[Date "2007.08.18"]
[Round "5"]
[White "boffman"]
[Black "OldBoy"]
[Result "1/2-1/2"]
[WhiteElo "1576"]
[BlackElo "1689"]
[Opening "Petrov: Cozio (Lasker) attack"]
[ECO "C42"]
[Time "08:21:09"]
[TimeControl "2700+45"]

1. e4 e5 2. Nf3 Nf6 3. Nxe5 d6 4. Nf3 Nxe4 5. Qe2 Qe7 6. d3 Nf6 7. Bg5 Nc6 8.
Qxe7+ Bxe7 9. Nc3 O-O 10. Be2 Be6 11. O-O-O a5 12. a3 Rfc8 13. Rhe1 d5 14. d4
Nd7 15. Bxe7 Nxe7 16. Bd3 c6 17. h3 b5 18. Ne2 Nf5 19. Nf4 Re8 20. Nxe6 fxe6 21.
Bxf5 exf5 22. Ne5 Nxe5 23. Rxe5 Rxe5 24. dxe5 Re8 25. f4 Kf7 26. Kd2 Ke6 27. Ke3
b4 28. a4 c5 29. b3 d4+ 30. Kd3 Kd5 31. Ke2 Ke4 32. g3 Re6 33. Kf2 h6 34. Re1+
Kd5 35. h4 g5 36. hxg5 hxg5 37. Kf3 g4+ 38. Kf2 c4 39. Rd1 c3 40. Kg2 Rh6 41.
Re1 Re6 42. Rd1 {Game drawn by mutual agreement} 1/2-1/2

[Event "Team 45 45 League T34"]
[Site "Internet Chess Club"]
[Date "2007.08.18"]
[Round "5"]
[White "rkaebi"]
[Black "AlPearson"]
[Result "1-0"]
[WhiteElo "1405"]
[BlackElo "1474"]
[Opening "French: classical, Tarrasch variation"]
[ECO "C14"]
[Time "13:06:44"]
[TimeControl "2700+45"]

1. e4 e6 2. d4 d5 3. Nc3 Nf6 4. Bg5 Be7 5. e5 Nfd7 6. Bxe7 Qxe7 7. Bd3 O-O 8.
Qh5 h6 9. O-O-O c5 10. dxc5 Nc6 11. f4 Nxc5 12. a3 Bd7 13. g4 f5 14. g5 hxg5 15.
fxg5 Nxe5 16. g6 Nxg6 17. Qxg6 b5 18. Nf3 a6 19. Ng5 Qxg5+ 20. Qxg5 f4 21. Rhg1
Rf7 22. Qh6 Nxd3+ 23. Rxd3 f3 24. Rxf3 Raf8 25. Rxf7 Rxf7 26. Qg6 Be8 27. Qxe6
Bd7 28. Qxd5 Be8 29. h4 Kh7 30. Ne4 Rf8 31. Ng5+ Kh8 32. Qb7 Rg8 {Black resigns}
1-0

[Event "Team 45 45 League T34"]
[Site "Internet Chess Club"]
[Date "2007.08.22"]
[Round "5"]
[White "Fegary"]
[Black "Sota"]
[Result "1/2-1/2"]
[WhiteElo "1767"]
[BlackElo "1689"]
[Opening "French: Steinitz variation"]
[ECO "C11"]
[Time "14:05:19"]
[TimeControl "2700+45"]

1. e4 e6 2. d4 d5 3. Nc3 Nf6 4. e5 Nfd7 5. Nf3 c5 6. Bg5 Qb6 7. Be3 cxd4 8. Bxd4
Bc5 9. Bxc5 Qxc5 10. Bb5 a6 11. Bxd7+ Bxd7 12. O-O O-O 13. Qd3 h6 14. Rad1 Nc6
15. a3 Rac8 16. Ne2 Ne7 17. Nfd4 Qb6 18. Qe3 Bb5 19. Rfe1 Bxe2 20. Rxe2 Rc4 21.
b3 Rc7 22. Qd3 Rfc8 23. Re3 Nc6 24. Nf3 Ne7 {Game drawn by mutual agreement}
1/2-1/2

[Event "Team 45 45 League T34"]
[Site "Internet Chess Club"]
[Date "2007.08.19"]
[Round "5"]
[White "lw"]
[Black "Sleete"]
[Result "0-1"]
[WhiteElo "1513"]
[BlackElo "1820"]
[Opening "Bishop's opening: Berlin defense"]
[ECO "C24"]
[Time "16:31:44"]
[TimeControl "2700+45"]

1. e4 e5 2. Bc4 Nf6 3. d3 Bc5 4. Nf3 d6 5. O-O O-O 6. Nc3 Be6 7. Bxe6 fxe6 8.
Ng5 Qd7 9. Na4 Qxa4 10. Nxe6 Na6 11. Qf3 Qxc2 12. Qg3 Nh5 13. Qh4 Bxf2+ 14. Qxf2
Rxf2 15. Rxf2 Qd1+ 16. Rf1 Qxd3 17. Bd2 Qxd2 18. Rf2 Qh6 19. Raf1 Qxe6 {White
resigns} 0-1

[Event "Team 45 45 League T34"]
[Site "Internet Chess Club"]
[Date "2007.08.15"]
[Round "5"]
[White "hotwater"]
[Black "natethegreat"]
[Result "0-1"]
[WhiteElo "1443"]
[BlackElo "1449"]
[Opening "Sicilian: Sozin, not Scheveningen"]
[ECO "B57"]
[Time "16:06:04"]
[TimeControl "2700+45"]

1. e4 c5 2. Nc3 d6 3. Nf3 Nc6 4. Bc4 Nf6 5. d4 cxd4 6. Nxd4 g6 7. Bb5 Bd7 8. Be3
Bg7 9. h3 O-O 10. O-O a6 11. Bc4 b5 12. Bd5 Rc8 13. f4 b4 14. Nb1 e6 15. Bxc6
Bxc6 16. Nxc6 Rxc6 17. Nd2 Qc7 18. Rc1 Rc8 19. Qf3 Rxc2 20. Rxc2 Qxc2 21. e5 Ne8
22. Qb7 Qc6 23. Qxb4 dxe5 24. fxe5 Bxe5 25. Bh6 Qc5+ 26. Qxc5 Rxc5 27. Ne4 Rd5
28. Rc1 f5 29. Rf1 Nf6 30. Ng5 Bd4+ 31. Kh2 Be5+ 32. Kg1 Nh5 33. Nxe6 Ng3 34.
Rc1 Ne2+ 35. Kf1 Nxc1 36. Kf2 Bd4+ 37. Nxd4 Nd3+ 38. Ke3 Ne5 39. b4 Nf7 40. Bf4
g5 41. Bc7 Kf8 42. a4 Ke7 43. b5 Kd7 44. b6 Nd8 45. Kd3 Nc6 46. Kc4 Rxd4+ 47.
Kc5 Rxa4 48. Kd5 Rd4+ 49. Kc5 a5 50. Kb5 a4 51. Ka6 a3 52. Kb7 a2 53. Ka8 a1=Q+
54. Kb7 Ra4 55. Bb8 {White resigns} 0-1

[Event "Team 45 45 League T34"]
[Site "Internet Chess Club"]
[Date "2007.08.26"]
[Round "5"]
[White "Zebbile"]
[Black "Allessia"]
[Result "1/2-1/2"]
[WhiteElo "2076"]
[BlackElo "2201"]
[Opening "Queen's pawn game, Darooha variation "]
[ECO "D11"]
[Time "16:01:02"]
[TimeControl "2700+45"]

1. Nf3 d5 2. d4 Nf6 3. c4 c6 4. Qc2 Bg4 5. Ne5 Nbd7 6. Nxg4 Nxg4 7. cxd5 cxd5 8.
Bg5 Qb6 9. e3 e6 10. Be2 Ngf6 11. O-O Bd6 12. Rc1 O-O 13. Nd2 h6 14. Bh4 e5 15.
Bxf6 Nxf6 16. dxe5 Bxe5 17. Nf3 Qxb2 18. Rab1 Qxc2 19. Rxc2 Bd6 20. Rxb7 Rfb8
21. Rcb2 Rxb7 22. Rxb7 a5 23. a4 Ne4 24. Nd4 Nc5 25. Rb6 Be5 26. Bb5 Bxd4 27.
exd4 Ne6 28. Rd6 Rd8 29. Ra6 Nxd4 30. Rxa5 Nb3 31. Ra7 d4 32. Bc4 Nc5 33. Bxf7+
Kf8 34. Bc4 d3 35. Rf7+ Ke8 36. Rxg7 d2 37. Rg8+ Ke7 38. Rxd8 Kxd8 39. Be2 Nxa4
40. f4 Nc3 41. Kf2 d1=Q 42. Bxd1 Nxd1+ 43. Kf3 Ke7 44. g4 Nc3 45. h4 Kf7 46. h5
{Game drawn by mutual agreement} 1/2-1/2

[Event "Team 45 45 League T34"]
[Site "Internet Chess Club"]
[Date "2007.08.20"]
[Round "5"]
[White "SuperPeon"]
[Black "Hideaway"]
[Result "1/2-1/2"]
[WhiteElo "2089"]
[BlackElo "1944"]
[Opening "Sicilian, Chekhover variation"]
[ECO "B53"]
[Time "19:58:39"]
[TimeControl "2700+45"]

1. e4 c5 2. Nf3 d6 3. d4 cxd4 4. Qxd4 a6 5. c4 Nc6 6. Qd2 g6 7. Nc3 Bh6 8. Qc2
Bg7 9. Be3 Nf6 10. h3 O-O 11. Be2 Be6 12. O-O Nd7 13. b3 Rc8 14. Rac1 Nde5 15.
Rfd1 Nxf3+ 16. Bxf3 Qa5 17. Qd2 b5 18. Be2 bxc4 19. bxc4 Rb8 20. Nd5 Qa3 21. Rc2
Bxd5 22. cxd5 Nb4 23. Rc7 Nxa2 24. Rxe7 Rb2 25. Qd3 Qxd3 26. Bxd3 Nb4 27. Bc4
Ra8 28. Bf4 Rc2 29. Bb3 Rc3 30. Rb1 Nd3 31. Bxd6 Bd4 32. Ba3 Rb8 33. d6 Rcxb3
34. Rxb3 Rxb3 35. d7 Bb6 36. Re8+ Kg7 37. Bf8+ Kf6 38. d8=Q+ Bxd8 39. Rxd8 Rb1+
{Game drawn by mutual agreement} 1/2-1/2

[Event "Team 45 45 League T34"]
[Site "Internet Chess Club"]
[Date "2007.08.20"]
[Round "5"]
[White "dalfonso"]
[Black "backfire"]
[Result "1-0"]
[WhiteElo "1922"]
[BlackElo "1863"]
[Opening "Sicilian: dragon, Yugoslav attack, Rauser variation"]
[ECO "B76"]
[Time "18:04:01"]
[TimeControl "2700+45"]

1. e4 c5 2. Nf3 d6 3. d4 cxd4 4. Nxd4 Nf6 5. Nc3 g6 6. f3 Bg7 7. Be3 O-O 8. Qd2
Nc6 9. O-O-O d5 10. Nxc6 bxc6 11. exd5 cxd5 12. Nxd5 Nxd5 13. Qxd5 Qc7 14. Qxa8
Bf5 15. Qxf8+ Kxf8 16. Bd3 Be6 17. Kb1 Qa5 18. a3 f5 19. Rhe1 Kf7 20. Re2 Qe5
21. Bc1 Qxh2 22. Rde1 Bd5 23. Rxe7+ Kf6 24. c4 Bf8 25. Re8 Bf7 26. Rxf8 Qd6 27.
Rxf7+ Kxf7 28. Kc2 a5 29. Bd2 a4 30. Bb4 Qh2 31. Re2 h5 32. b3 axb3+ 33. Kxb3
Qg1 34. c5 Qd4 35. Bc4+ {Black resigns} 1-0

[Event "Team 45 45 League T34"]
[Site "Internet Chess Club"]
[Date "2007.08.20"]
[Round "5"]
[White "Nosferatu1"]
[Black "primerpaso"]
[Result "0-1"]
[WhiteElo "1799"]
[BlackElo "1806"]
[Opening "Nimzo-Indian defense"]
[ECO "E20"]
[Time "19:40:30"]
[TimeControl "2700+45"]

1. d4 Nf6 2. c4 e6 3. Nc3 Bb4 4. Bd2 d5 5. e3 O-O 6. Nf3 Nbd7 7. cxd5 exd5 8. a3
Bd6 9. Nb5 Be7 10. Bd3 c6 11. Nc3 Bd6 12. O-O Qe7 13. Re1 Ne4 14. Qc2 f5 15. Ne2
g5 16. Bc3 g4 17. Nd2 Bxh2+ 18. Kxh2 Qh4+ 19. Kg1 Qxf2+ 20. Kh1 Rf6 21. Nf1 Rh6+
22. Nh2 g3 23. Nxg3 Nxg3# {White checkmated} 0-1

[Event "Team 45 45 League T34"]
[Site "Internet Chess Club"]
[Date "2007.08.19"]
[Round "5"]
[White "bobhill"]
[Black "DavidBarnsley"]
[Result "1-0"]
[WhiteElo "2040"]
[BlackElo "2030"]
[Opening "Dutch"]
[ECO "A80"]
[Time "14:58:38"]
[TimeControl "2700+45"]

1. d4 f5 2. Nf3 Nf6 3. c4 e6 4. g3 Bb4+ 5. Bd2 Be7 6. Bg2 O-O 7. Nc3 d6 8. Qc2
Nc6 9. a3 a5 10. O-O e5 11. d5 Nb8 12. b4 axb4 13. axb4 Rxa1 14. Rxa1 Na6 15.
Na4 Ne4 16. b5 Nac5 17. Nxc5 Nxc5 18. Be3 b6 19. Ne1 Nb7 20. Nd3 Bf6 21. Nb4 Na5
22. Nc6 Nxc6 23. bxc6 f4 24. Bd2 e4 25. Ra8 e3 26. fxe3 fxg3 27. hxg3 Be5 28.
Be1 Qg5 29. Qe4 Bg4 30. Rxf8+ Kxf8 31. Bf3 Bf5 32. Qh4 Qxe3+ 33. Bf2 Qc1+ 34.
Kg2 Bf6 35. Qf4 Qxf4 36. gxf4 Bc2 37. e4 Bd3 38. Bxb6 Bd8 39. c5 cxb6 40. cxd6
Ke8 41. c7 Bxc7 42. dxc7 Kd7 43. d6 h5 44. e5 {Black resigns} 1-0